 Dungeon Crawl Stone Soup version 0.19-a0-599-g723c685 (webtiles) character file.

260 Laan the Chopper (level 5, 0/41 HPs)
             Began as a Mummy Fighter on June 11, 2016.
             Slain by an ogre
             ... wielding a cursed -1 giant club
              (15 damage)
             ... on level 4 of the Dungeon.
             The game lasted 00:04:40 (2522 turns).

Laan the Chopper (Mummy Fighter)                    Turns: 2522, Time: 00:04:41

Health: 0/41       AC:  9    Str: 21    XL:     5   Next: 95%
Magic:  5/5        EV:  5    Int:  7    God:
Gold:   173        SH:  9    Dex: 11    Spells: 0 memorised, 4 levels left

rFire  x . .     SeeInvis .     a - +0 war axe
rCold  + . .     Gourm    .     h - +0 chain mail
rNeg   + + +     Faith    .     c - +0 shield
rPois  ∞         Spirit   .     e - +0 helmet
rElec  .         Dismiss  .     (no cloak)
rCorr  .         Reflect  .     (no gloves)
SustAt .         Harm     .     (no boots)
MR     .....                    (no amulet)
Stlth  ..........               (no ring)
                                (no ring)

@: not resistant to hostile enchantments, extremely unstealthy
A: no food or potions, fire vulnerability, cold resistance 1, negative energy
resistance 3, torment resistance, unbreathing
a: no special abilities


You were on level 4 of the Dungeon.
You were not hungry.

You visited 1 branch of the dungeon, and saw 4 of its levels.

You collected 173 gold pieces.

Inventory:

Hand Weapons
 a - a +0 war axe (weapon)
Armour
 b - a +0 scale mail
 c - a +0 shield (worn)
 e - a +0 helmet (worn)
 h - a +0 chain mail (worn)
Scrolls
 d - 2 scrolls of fear {unknown}
 f - 3 scrolls of identify {unknown}
 g - 2 scrolls of noise {unknown}


   Skills:
 - Level 3.0 Fighting
 + Level 5.2 Axes
 - Level 2.4 Armour
 - Level 2.4 Shields


You had 4 spell levels left.
You didn't know any spells.

Dungeon Overview and Level Annotations

Branches:
Dungeon (4/15)
 Temple: D:4-7

Altars:
Ashenzari
Dithmenos
Xom
Zin


Innate Abilities, Weirdness & Mutations

You do not eat or drink.
Your flesh is vulnerable to fire.
You are immune to poison.
Your flesh is cold resistant. (rC+)
You are immune to negative energy. (rN+++)
You are immune to unholy pain and torment.
You can survive without breathing.


Message History

An ogre comes into view. It is wielding a giant club.
The ogre shouts!
You hit the ogre.
The ogre is moderately wounded.
You block the ogre's attack.
You slash the ogre!
The ogre is heavily wounded.
The ogre hits you with a giant club!
Your shield and chain mail prevent you from hitting the ogre.
The ogre is heavily wounded.
You block the ogre's attack.
A hound comes into view.
Your shield and chain mail prevent you from hitting the ogre.
The ogre is heavily wounded.
The hound barks!
The ogre hits you with a giant club!
You closely miss the ogre.
The ogre is heavily wounded.
The ogre hits you with a giant club!
You die...

#### ... ###..###
......# ###....#
.......#
#####...######...
.......hO@.......
#.......###.####.
........# #
........##
#######..#....# ...
#.....#..#..#.# ....
#.###....#..#.# ....
#.###.......#.# .....
#.##.....#.##.##.....


You could see an ogre and a hound.

Vanquished Creatures
  2 orc priests (D:3)
  A worker ant (D:4)
  Robin (D:3)
  5 adders
  An ooze (D:1)
  A worm (D:4)
  3 dart slugs
  2 giant geckos (D:3)
  7 orcs
  10 giant cockroaches
  10 goblins
  15 hobgoblins
  5 jackals
  4 kobolds
  A quokka (D:4)
  2 ball pythons
  13 bats
  A giant gecko skeleton (D:4)
  5 giant newts
  A quokka zombie (D:4)
  7 rats
97 creatures vanquished.

Notes
Turn   | Place    | Note
--------------------------------------------------------------
     0 | D:1      | Laan the Mummy Fighter began the quest for the Orb.
     0 | D:1      | Reached XP level 1. HP: 18/18 MP: 1/1
   118 | D:1      | Reached skill level 2 in Axes
   155 | D:1      | Reached XP level 2. HP: 24/24 MP: 2/2
   362 | D:1      | Reached XP level 3. HP: 18/29 MP: 3/3
   509 | D:1      | Reached skill level 3 in Axes
   995 | D:2      | Noticed an angel
   996 | D:2      | Found a shimmering altar of Xom.
   996 | D:2      | Found a glowing silver altar of Zin.
  1288 | D:3      | Reached XP level 4. HP: 34/35 MP: 4/4
  1373 | D:3      | Reached skill level 4 in Axes
  1708 | D:3      | Found a faded altar of an unknown god.
  1727 | D:3      | Found a shadowy altar of Dithmenos.
  1749 | D:3      | Reached XP level 5. HP: 31/41 MP: 5/5
  1802 | D:3      | Found a shattered altar of Ashenzari.
  1922 | D:3      | Noticed Robin
  1939 | D:3      | Killed Robin
  2092 | D:3      | Reached skill level 5 in Axes
  2512 | D:4      | Noticed an ogre
  2522 | D:4      | Slain by an ogre

Vault maps used:
D:1:      onia_arrival_pentagram, columned_hall_lemuel, serial_bayou_ford_a,
          minmay_unequal
D:2:      grunt_temple_overflow_order_and_chaos_1
D:3:      nicolae_overflow_hidden_temple, lemuel_doored_altar,
          ecumenical_altar_2, minivault_26, uniq_robin
D:4:      marbit_many_paths, grunt_temple_overflow_open

Skill      XL: |  1  2  3  4  5 |
---------------+----------------+-----
Axes           | 2 3 4 5 |  5.2
Fighting       | |  3.0
Armour         | |  2.4
Shields        | |  2.4

Action                   |  1- 3 |  4- 6 || total
-------------------------+-------+-------++-------
Melee: War axe           |   114 |   146 ||   260
Armor: Scale mail        |    76 |    43 ||   119
       Chain mail        |       |    26 ||    26
Dodge: Dodged            |    42 |    48 ||    90
Block: Shield            |    63 |    86 ||   149
